 Dungeon Crawl Stone Soup version 0.29-a0-994-gc5c9f59d18 (webtiles) character file.

Game seed: 6446084413667326558

420 Sabo the Gusty (level 6, -1/46 HPs)
             Began as a Draconian Air Elementalist on Aug 4, 2022.
             Was a High Priest of Uskayaw.
             Slain by Pikel
             ... wielding a +2 whip of freezing
              (8 damage)
             ... on level 4 of the Dungeon.
             The game lasted 00:37:27 (10882 turns).

Sabo the Gusty (Draconian Air Elementalist)        Turns: 10882, Time: 00:37:27

Health: -1/46      AC:  6    Str: 16    XL:     6   Next: 62%
Magic:  11/11      EV: 12    Int: 18    God:    Uskayaw [*****.]
Gold:   233        SH:  0    Dex: 11    Spells: 9/12 levels left

rFire   . . .      SeeInvis .   t - +3 hand axe
rCold   . . .      Faith    .   (no shield)
rNeg    . . .      Spirit   .   (body armour unavailable)
rPois   .          Reflect  .   (helmet restricted)
rElec   .          Harm     .   (no cloak)
rCorr   .          Rampage  .   (no gloves)
Will    .....                   (no boots)
Stlth   ++........              s - amulet of magic regeneration
HPRegen 0.15/turn               o - +6 ring of strength
MPRegen 0.52/turn               g - ring of wizardry

@: no status effects
A: AC +6, unfitting armour, cold-blooded
a: Renounce Religion, Stomp, Line Pass, Grand Finale


You were on level 4 of the Dungeon.
You worshipped Uskayaw.
Uskayaw was noncommittal.
You visited 1 branch of the dungeon, and saw 4 of its levels.

You collected 233 gold pieces.

Inventory:

Hand Weapons
 j - a +0 sling
 n - a +2 short sword of draining
 t - a +3 hand axe (weapon)
Missiles
 e - 3 poisoned darts
 f - 4 curare-tipped darts (quivered)
Jewellery
 g - a ring of wizardry (right hand)
 o - a +6 ring of strength (left hand)
 q - a ring of ice
 s - an amulet of magic regeneration (around neck)
 u - a ring of poison resistance
Wands
 i - a wand of charming (10)
 v - a wand of digging (4)
Scrolls
 b - 3 scrolls of blinking
 c - a scroll of amnesia
 h - a scroll of magic mapping
 m - a scroll of noise {unknown}
 r - 2 scrolls of teleportation {unknown}
 w - a scroll of identify
Potions
 a - a potion of magic
 d - a potion of curing {unknown}
 k - a potion of haste {unknown}
 l - 2 potions of heal wounds {unknown}
 p - a potion of mutation {unknown}
 x - a potion of ambrosia {unknown}


   Skills:
 + Level 0.6 Fighting
 + Level 0.1 Short Blades
 + Level 1.0 Axes
 + Level 2.3 Dodging
 + Level 2.3 Stealth
 + Level 3.7 Spellcasting
 + Level 2.7 Conjurations
 + Level 5.2 Air Magic


You had 9 spell levels left.
You knew the following spells:

 Your Spells              Type           Power      Damage    Failure   Level
a - Shock                 Conj/Air       68%        1d7       1%          1
b - Searing Ray           Conj           26%        2d5       3%          2

Your spell library contained the following spells:

 Spells                   Type           Power      Damage    Failure   Level
 Magic Dart               Conj           52%        1d5       1%          1
 Static Discharge         Conj/Air       17%        3-6/arc   1%          2
 Swiftness                Air            22%        N/A       2%          3
 Airstrike                Air            11%        2d(2-18)  7%          4
 Blink                    Tloc           6%         N/A       9%          2
 Gell's Gravitas          Tloc           3%         N/A       17%         3
 Lesser Beckoning         Tloc           3%         N/A       17%         3
 Summon Guardian Golem    Hex/Summ       3%         N/A       17%         3
 Teleport Other           Tloc           3%         N/A       17%         3
 Fulminant Prism          Conj/Hex       4%         3d6       32%         4
 Manifold Assault         Tloc           3%         N/A       82%         5
 Dispersal                Tloc           1%         N/A       100%        6
 Orb of Destruction       Conj           6%         9d6       100%        7
 Spellforged Servitor     Conj/Summ      4%         N/A       100%        7


Dungeon Overview and Level Annotations

Branches:
Dungeon (4/15)
 Temple: D:4-7

Altars:
Uskayaw
Vehumet

Shops:
D:2 [

Annotations:
D:4 Pikel


Innate Abilities, Weirdness & Mutations

Your plain brown scales are hard. (AC +6)
You cannot fit into any form of body armour.
You are cold-blooded and may be slowed by cold attacks.


Message History

The phantom barely misses you. Magic courses through your body.
The phantom hits you.
* * * LOW HITPOINT WARNING * * *
Casting: Shock (safe; 1% risk of failure)
Confirm with . or Enter, or press ? or * to list all spells.
Aiming: Shock (safe; 1% risk of failure)
Press: ? - help, Shift-Dir - straight line That beam is likely to hit you.
Continue anyway?
Okay, then.
You hit the phantom but do no damage.
Your tail-slap misses the phantom.
The phantom is moderately damaged.
The phantom barely misses you.
You slash the phantom!
You tail-slap the phantom, but do no damage.
The phantom is severely damaged.
The phantom hits you but does no damage.
You hit the phantom.
Your tail-slap misses the phantom.
The phantom is severely damaged.
The phantom hits you but does no damage.
Pikel says, "Dispater doesn't talk much, but I know they dig me."
The phantom closely misses you.
Uskayaw links your audience in an emotional bond!
You closely miss the phantom.
The phantom is severely damaged.
The phantom is no longer sharing its pain.
Pikel is no longer sharing his pain.
The lemure is no longer sharing its pain. x2
The phantom closely misses you.
You hit the phantom.
Your tail-slap misses the phantom.
The phantom is almost destroyed.
The phantom hits you.
* * * LOW HITPOINT WARNING * * *
You hit the phantom.
You destroy the phantom!
You can now merge with and destroy a victim.
Your Axes skill increases to level 1!
You hit Pikel but do no damage.
Your tail-slap misses Pikel.
Pikel is severely wounded.
Pikel hits you with a +2 whip of freezing!
You die...

#..##.##..##.#
#..#[.#ยง5.)#.#
#..#...[#..#.##
# ##..##.##..#
####5.#...#
.55..5...#
#5#.....##
#K####.## #@#
#. .........#
#. ##..##...#
#. .. .....
.......
.##...### .#
#...# #. #...#


You could see Pikel and 3 lemures.

Vanquished Creatures
  A phantom (D:4)
  Ijyb (D:4)
  Robin (D:4)
  14 gnolls (D:3)
  4 adders
  A dart slug (D:1)
  A worm (D:3)
  7 ball pythons
  6 bats
  5 endoplasms
  3 giant cockroaches
  30 goblins
  29 hobgoblins
  10 kobolds
  5 quokkas
  5 frilled lizards
  2 rats
125 creatures vanquished.

Vanquished Creatures (others)
  28 fungi (D:1)
  5 plants (D:1)
33 creatures vanquished.

Grand Total: 158 creatures vanquished

Notes
Turn   | Place    | Note
-------+----------+-------------------------------------------
     0 | D:1      | Sabo the Draconian Air Elementalist began the quest for the
                  | Orb.
     0 | D:1      | Reached XP level 1. HP: 14/14 MP: 3/3
   744 | D:1      | Reached XP level 2. HP: 18/20 MP: 1/5
  1650 | D:1      | Found a faded altar of an unknown god.
  1687 | D:1      | Prayed at the altar of an unknown god.
  1687 | D:1      | Became a worshipper of Uskayaw the Reveller
  1687 | D:1      | Reached * piety under Uskayaw
  1950 | D:1      | Reached ** piety under Uskayaw
  2651 | D:2      | Found Watseenumi's Armour Shoppe.
  2668 | D:2      | Reached XP level 3. HP: 26/26 MP: 4/6
  2946 | D:2      | Learned a level 2 spell: Searing Ray
  4696 | D:3      | Reached skill level 4 in Air Magic
  5179 | D:3      | Reached XP level 4. HP: 30/31 MP: 0/7
  5190 | D:3      | Reached *** piety under Uskayaw
  7203 | D:3      | Reached XP level 5. HP: 19/38 MP: 4/9
  7208 | D:3      | Reached **** piety under Uskayaw
  8535 | D:3      | Reached skill level 5 in Air Magic
  9769 | D:3      | Reached XP level 6. HP: 36/45 MP: 8/10
 10534 | D:4      | Found a radiant altar of Vehumet.
 10536 | D:4      | Noticed Ijyb
 10546 | D:4      | Killed Ijyb
 10594 | D:4      | Noticed Robin
 10601 | D:4      | Killed Robin
 10860 | D:4      | Noticed Pikel
 10881 | D:4      | Reached ***** piety under Uskayaw
 10882 | D:4      | Reached skill level 1 in Axes
 10882 | D:4      | Slain by Pikel

Illustrated notes

Levels and vault maps discovered:
D:1:      scummos_arrival_checkerplants, layout_loops_ring,
          dreamdust_ecumenical_altar_grove, minmay_hexomino_p4
D:2:      layout_rooms, serial_shops, shop_statue, minmay_misc_feat_pillars,
          minivault_14
D:3:      minmay_goblin_kobold_castle, layout_rooms, nrook_campfire,
          kennysheep_generic_room_8
D:4:      layout_loops_ring, nicolae_vehumet_altar_sigil, st_stairs_1,
          minmay_close_crescents, uniq_edmund, uniq_pikel, uniq_robin, uniq_ijyb

Skill      XL: |  1  2  3  4  5  6 |
---------------+-------------------+-----
Dodging        | 2 |  2.3
Stealth        | 2 |  2.3
Air Magic      | 4 5 |  5.2
Conjurations   | 2 |  2.7
Spellcasting   | 3 |  3.7
Axes           | 1 |  1.0
Fighting       | |  0.6
Short Blades   | |  0.1

Action                   |  1- 3 |  4- 6 || total
-------------------------+-------+-------++-------
Melee: Unarmed           |     9 |       ||     9
       Tailslap          |     2 |     5 ||     7
       Dagger            |     7 |       ||     7
       Short sword       |     4 |    12 ||    16
       Hand axe          |       |    42 ||    42
       Punch             |       |     1 ||     1
 Cast: Shock             |    85 |   180 ||   265
  Use: Scroll            |     2 |     2 ||     4
       Potion            |       |     1 ||     1
 Stab: Paralysed         |       |     2 ||     2
Armor: Skin              |    10 |    39 ||    49
Dodge: Dodged            |    17 |    79 ||    96

Table legend: (Time is in decaauts)
 A = Elapsed time spent in this place.
 B = Non-inter-level travel time spent in this place.
 C = Inter-level travel time spent in this place.
 D = Time resting spent in this place.
 E = Time spent auto-exploring this place.
 F = Levels seen in this place.
 G = Mean time per level.
                   A        B        C        D        E       F      G
               +--------+--------+--------+--------+--------+-----+--------+
         Total |  10893 |  10893 |      0 |   7775 |      0 |   4 | 2723.2 |
       Dungeon |  10893 |  10893 |      0 |   7775 |      0 |   4 | 2723.2 |
               +--------+--------+--------+--------+--------+-----+--------+

Top non-repeatable levels by time:
     D:3: 5874 daAuts
     D:1: 2640 daAuts
     D:2: 1657 daAuts
     D:4: 720 daAuts
